 Dungeon Crawl Stone Soup version 0.29.0 (webtiles) character file.

Game seed: 16316919232214842212

73 brinewave the Chiller (level 4, -4/19 HPs)
             Began as a Felid Ice Elementalist on Sept 9, 2022.
             Slain by a gnoll
             ... wielding a +0 club
              (6 damage)
             ... on level 4 of the Dungeon.
             The game lasted 00:10:55 (3352 turns).

brinewave the Chiller (Felid Ice Elementalist)      Turns: 3352, Time: 00:10:55

Health: -4/19      AC:  1    Str:  4    XL:     4   Next: 8%
Magic:  5/9        EV: 18    Int: 18    God:
Gold:   40         SH:  0    Dex: 17    Spells: 5/9 levels left
                                        Lives:  0   Deaths: 1

rFire   . . .      SeeInvis +     - Unarmed
rCold   . . .      Faith    .   (shield unavailable)
rNeg    . . .      Spirit   .   (body armour unavailable)
rPois   .          Reflect  .   (helmet unavailable)
rElec   .          Harm     .   (cloak unavailable)
rCorr   .          Rampage  .   (gloves unavailable)
Will    .....                   (boots unavailable)
Stlth   ++........              (no amulet)
HPRegen 0.06/turn               (no ring)
MPRegen 0.11/turn               (no ring)

@: quick
A: very small, claws 1, fangs 3, see invisible, speed 1, shaggy fur 1, stealthy
paws, no weapons or thrown items, no armour, multi-lived
a: no special abilities


You were on level 4 of the Dungeon.
You visited 1 branch of the dungeon, and saw 4 of its levels.

You collected 150 gold pieces.
You spent 110 gold pieces at shops.

Inventory:

Jewellery
 l - a ring of ice
Scrolls
 b - 2 scrolls of fear
 c - a scroll of magic mapping
 e - 3 scrolls of teleportation
 h - a scroll of amnesia {unknown}
 i - a scroll of brand weapon {unknown}
 k - 4 scrolls of identify
Potions
 a - a potion of magic
 d - a potion of mutation
 f - a potion of brilliance {unknown}
 g - 3 potions of curing
 j - 2 potions of attraction {unknown}


   Skills:
 + Level 1.2 Fighting
 - Level 4.0 Dodging
 - Level 2.6 Stealth
 + Level 1.1 Unarmed Combat
 + Level 3.1 Spellcasting
 + Level 4.3 Ice Magic


You had 5 spell levels left.
You knew the following spells:

 Your Spells              Type           Power      Damage    Failure   Level
a - Freeze                Ice            72%        1d9       2%          1
b - Frozen Ramparts       Ice            36%        1d6       8%          3

Your spell library contained the following spells:

 Spells                   Type           Power      Damage    Failure   Level
 Ozocubu's Armour         Ice            18%        N/A       8%          3
 Ensorcelled Hibernation  Hex/Ice        20%        N/A       10%         2
 Spider Form              Tmut/Pois      2%         N/A       43%         3
 Hailstorm                Conj/Ice       10%        3d5       54%         4
 Ice Form                 Ice/Tmut       10%        N/A       54%         4
 Summon Ice Beast         Ice/Summ       10%        N/A       54%         4
 Anguish                  Hex/Necr       1%         N/A       85%         4


Dungeon Overview and Level Annotations

Branches:
Dungeon (4/15)
 Temple: D:4-7

Altars:

Shops:
D:1 =   D:3 ?(

Annotations:
D:3 Grinder
D:4 exclusion: necrophage


Innate Abilities, Weirdness & Mutations

You have sharp claws.
You have razor-sharp teeth.
You have supernaturally acute eyesight. (SInv)
You cover ground quickly. (Speed+)
You are covered in fur. (AC +1)
Your paws help you pounce on unaware monsters.
You are incapable of wielding weapons or throwing items.
You cannot wear armour.
You gain extra lives every three experience levels.


Message History

Aiming: Freeze (safe; 2% risk of failure)
Press: ? - help, Q - select action Shift-Dir - straight line, f - ball python
Aim: a ball python (wandering, hasn't noticed you)
You freeze the ball python.
The ball python hisses angrily.
The ball python is severely wounded.
The ball python seems to slow down.
The gnoll shouts!
The ball python barely misses you. The ball python closely misses you.
The gnoll shouts!
Aiming: Freeze (safe; 2% risk of failure)
Press: ? - help, Q - select action Shift-Dir - straight line, f/p - ball python
Aim: a ball python (severely wounded, slow)
You freeze the ball python.
You kill the ball python!
Unknown command.
A gnoll comes into view. It is wielding a +0 club.
The gnoll shouts!
The gnoll hits you with a +0 club.
Aiming: Freeze (safe; 2% risk of failure)
Press: ? - help, Q - select action Shift-Dir - straight line, f - gnoll
Aim: a gnoll, wielding a +0 club You freeze the gnoll!
The gnoll is heavily wounded.
Aiming: Freeze (safe; 2% risk of failure)
Press: ? - help, Q - select action Shift-Dir - straight line, f/p - gnoll
Aim: a gnoll, wielding a +0 club (heavily wounded)
You freeze the gnoll.
The gnoll is severely wounded.
The gnoll hits you with a +0 club.
The gnoll hits you from afar with a +0 spear.
A goblin comes into view. It is wielding a +0 club.
The gnoll hits you with a +0 club.
* * * LOW HITPOINT WARNING * * *
The goblin closely misses you.
You miss the goblin.
The gnoll hits you from afar with a +0 spear.
* * * LOW HITPOINT WARNING * * *
The goblin barely misses you. The gnoll hits you with a +0 club.
You die...

####### #.....# #.###.#
#### ### #.# #g#
....###.####.###@#########
#..............gg.......
###.....##.###..g....##.
##...###.# #..##.#.# ##.##
#......# .# # #.# #####..#
. #.# #..# .. ##'## #..#
.# ##...## #... .#


You could see 3 gnolls and a goblin.

Vanquished Creatures
  A gnoll bouda (D:4)
  2 adders (D:2)
  4 gnolls (D:4)
  2 worms
  4 orcs
  5 ball pythons
  3 bats
  2 endoplasms
  2 giant cockroaches
  3 goblins
  5 hobgoblins
  5 quokkas
  3 frilled lizards
  4 kobolds
  6 rats
51 creatures vanquished.

Notes
Turn   | Place    | Note
-------+----------+-------------------------------------------
     0 | D:1      | brinewave the Felid Ice Elementalist began the quest for
                  | the Orb.
     0 | D:1      | Reached XP level 1. HP: 7/7 MP: 4/4
   488 | D:1      | Reached XP level 2. HP: 11/11 MP: 6/6
   818 | D:1      | Found Yskug's Jewellery Shoppe.
  1175 | D:2      | Reached XP level 3. HP: 13/14 MP: 4/7
  1596 | D:2      | Found a faded altar of an unknown god.
  1858 | D:2      | Learned a level 3 spell: Frozen Ramparts
  2617 | D:3      | Found Avoek's Weapon Shop.
  2644 | D:3      | Reached XP level 4. HP: 18/18 MP: 4/9
  2738 | D:3      | Found Musseiba's Magic Scroll Shoppe.
  2747 | D:3      | Bought a scroll of fear for 40 gold pieces
  2747 | D:3      | Bought a scroll of teleportation for 30 gold pieces
  2747 | D:3      | Bought a scroll of identify for 20 gold pieces
  2747 | D:3      | Bought a scroll of identify for 20 gold pieces
  2821 | D:3      | Noticed Grinder
  3089 | D:4      | Noticed a necrophage
  3145 | D:4      | Reached skill level 1 in Fighting
  3145 | D:4      | Reached skill level 1 in Unarmed Combat
  3145 | D:4      | Reached XP level 5. HP: 11/22 MP: 4/10
  3303 | D:4      | Noticed an ogre
  3317 | D:4      | Mangled by an ogre
  3318 | D:4      | Reached XP level 4. HP: -9/19 MP: 4/9
  3352 | D:4      | Slain by a gnoll

Illustrated notes

Levels and vault maps discovered:
D:1:      saegor_arrival_simple_b, layout_basic, serial_shops, shop
D:2:      layout_loops_ring, shapermc_ecumenical_altar_notcrosses, st_stairs_6,
          minmay_door_square, dreamdust_wishing_well
D:3:      layout_loops_ring, nicolae_hepliaklqana_hippocampus, serial_shops,
          nicolae_diamond_shop, nicolae_diamond_shop, nicolae_shop_statue_plus,
          nicolae_diamond_shop, uniq_grinder, uniq_pargi
D:4:      layout_loops_corners, nicolae_gozag_conspicuous_consumption,
          hellmonk_ghost_happy_afterlife, dk_vineyard_1,
          sigmund_edmund_badplayer, uniq_sigmund

Skill      XL: |  1  2  3  4 |
---------------+-------------+-----
Dodging        | 3 4 |  4.0
Ice Magic      | 4 |  4.3
Spellcasting   | 3 |  3.1
Fighting       | 1 |  1.2
Unarmed Combat | 1 |  1.1
Stealth        | |  2.6

Action                   |  1- 3 |  4- 6 || total
-------------------------+-------+-------++-------
Melee: Unarmed           |    47 |    11 ||    58
       Bite              |     4 |     1 ||     5
 Cast: Freeze            |    48 |    17 ||    65
       Frozen Ramparts   |     1 |     3 ||     4
  Use: Scroll            |     6 |       ||     6
       Potion            |     1 |       ||     1
 Stab: Sleeping          |     4 |       ||     4
Armor: Skin              |     7 |       ||     7
Dodge: Dodged            |    76 |    17 ||    93
